 Dungeon Crawl Stone Soup version 0.28.0 (webtiles) character file.

Game seed: 8488517229236496080

232 mkm the Skirmisher (level 5, -2/48 HPs)
             Began as a Minotaur Berserker on Feb 9, 2022.
             Was a Believer of Trog.
             Killed from afar by a white imp (7 damage)
             ... with a puff of frost
             ... on level 3 of the Dungeon.
             The game lasted 00:03:51 (2073 turns).

mkm the Skirmisher (Minotaur Berserker)             Turns: 2073, Time: 00:03:51

Health: -2/48      AC:  5    Str: 21    XL:     5   Next: 73%
Magic:  4/4        EV: 11    Int:  4    God:    Trog [**....]
Gold:   80         SH:  0    Dex: 12    Spells: 4/4 levels left

rFire   . . .      SeeInvis .   j - +0 battleaxe
rCold   . . .      Faith    .   (shield currently unavailable)
rNeg    . . .      Spirit   .   g - +0 ring mail
rPois   .          Reflect  .   (helmet restricted)
rElec   .          Harm     .   (no cloak)
rCorr   .          Rampage  .   (no gloves)
Will    ++...                   (no boots)
Stlth   +.........              (no amulet)
HPRegen 1.16/turn               (no ring)
MPRegen 0.09/turn               (no ring)

@: strong-willed, regenerating
A: horns 2, retaliatory headbutt
a: Renounce Religion, Berserk, Trog's Hand


You were on level 3 of the Dungeon.
You worshipped Trog.
Trog was pleased with you.
You visited 1 branch of the dungeon, and saw 3 of its levels.

You collected 80 gold pieces.

Inventory:

Hand Weapons
 a - a +0 mace
 j - a +0 battleaxe (weapon)
Armour
 b - a +0 animal skin
 g - a +0 ring mail (worn)
Jewellery
 d - a +4 ring of evasion
 e - a ring of protection from cold
Scrolls
 f - a scroll of fear {unknown}
 h - a scroll of teleportation {unknown}
 i - a scroll of identify {unknown}
 m - a scroll of immolation {unknown}
 n - a scroll of amnesia {unknown}
Potions
 c - a potion of magic {unknown}
 k - a potion of invisibility {unknown}
 l - a potion of haste {unknown}


   Skills:
 + Level 5.1 Fighting
 + Level 3.5(4.3) Axes
 - Level 3.6(4.3) Maces & Flails
 + Level 4.3 Armour
 + Level 3.1 Dodging


You had 4 spell levels left.
You didn't know any spells.
Your spell library was empty.

Dungeon Overview and Level Annotations

Branches:
Dungeon (3/15)

Altars:


Innate Abilities, Weirdness & Mutations

You have a pair of horns on your head.
You reflexively headbutt those who attack you in melee.


Message History

You see here a +0 leather armour.
Found 18 stones.
A white imp comes into view.
The white imp shouts, "Decamp, thou cockered ill-nurtured pot-faker!"
The white imp gestures at you. The puff of frost hits you.
You see here 18 stones.
The white imp gestures at you. The puff of frost hits you.
The white imp gestures at you. The puff of frost hits you!
You see here 16 gold pieces.
The white imp gestures at you. The puff of frost hits you!
The white imp completely misses you.
You barely miss the white imp. The white imp closely misses you.
You barely miss the white imp. You headbutt the white imp.
The white imp is moderately wounded.
The white imp gestures at you. The puff of frost hits you.
The white imp hits you. The white imp freezes you.
* * * LOW HITPOINT WARNING * * *
You hit the white imp. You headbutt the white imp.
The white imp is almost dead.
The white imp gestures at you. The puff of frost misses you.
A bat comes into view.
You barely miss the white imp.
The white imp is almost dead.
The bat hits you but does no damage. The bat barely misses you.
The white imp gestures at you. The puff of frost hits you!
* * * LOW HITPOINT WARNING * * *
The white imp barely misses you. You furiously retaliate!
You headbutt the white imp.
Your skin crawls.
You feel strong-willed. The bat hits you but does no damage.
The white imp gestures at you. The puff of frost hits you!
You die...

......#.#.#####.
#.....
................
##.....
.....##.#.####..
.......
................
##.....
#######.#.####..
.......##### #[#.#
#.. #.........#
#.#.# #..
#.........####.#.#
#.. #5@b$.(....#.#
... ############.#
... #.# .. ..#


You could see a white imp and a bat.

Vanquished Creatures
  Sigmund (D:2)
  3 adders (D:2)
  A dart slug (D:2)
  7 ball pythons
  5 endoplasms
  A giant cockroach (D:2)
  A goblin (D:1)
  7 hobgoblins
  4 jackals (D:2)
  A quokka (D:2)
  5 bats
  5 kobolds
  3 rats (D:2)
44 creatures vanquished.

Notes
Turn   | Place    | Note
-------+----------+-------------------------------------------
     0 | D:1      | mkm the Minotaur Berserker began the quest for the Orb.
     0 | D:1      | Reached XP level 1. HP: 19/19 MP: 0/0
   557 | D:1      | Found a faded altar of an unknown god.
   580 | D:1      | Reached skill level 4 in Fighting
   604 | D:1      | Reached XP level 2. HP: 27/27 MP: 1/1
   948 | D:2      | Reached XP level 3. HP: 32/34 MP: 2/2
   996 | D:2      | Reached skill level 1 in Axes
  1298 | D:2      | Reached XP level 4. HP: 34/41 MP: 3/3
  1358 | D:2      | Noticed Sigmund
  1370 | D:2      | Killed Sigmund
  1370 | D:2      | Reached ** piety under Trog
  1371 | D:2      | Reached skill level 5 in Fighting
  1371 | D:2      | Reached XP level 5. HP: 36/48 MP: 4/4
  2073 | D:3      | Killed from afar by a white imp

Illustrated notes

Levels and vault maps discovered:
D:1:      amcnicky_arrival_single_pillar, layout_basic,
          hellmonk_ecumenical_altar_zigzags
D:2:      minmay_angry_zag, layout_basic, minmay_misc_feat_cross,
          kennysheep_generic_room_13, uniq_sigmund
D:3:      layout_basic, uniq_grinder

Skill      XL: |  1  2  3  4 |
---------------+-------------+-----
Fighting       | 4 5 |  5.1
Armour         | 3 4 |  4.3
Axes           | 1 3 |  3.5
Dodging        | 3 |  3.1
Maces & Flails | |  3.6

Action                   |  1- 3 |  4- 6 || total
-------------------------+-------+-------++-------
Melee: Mace              |    27 |       ||    27
       Headbutt          |     4 |     4 ||     8
       Punch             |     1 |       ||     1
       Battleaxe         |    38 |    24 ||    62
Invok: Trog's Hand       |       |     1 ||     1
Armor: Ring mail         |    28 |     4 ||    32
Dodge: Dodged            |    51 |    19 ||    70
